 Dungeon Crawl Stone Soup version 0.26.1-2-gb8aa6d0cf2 (webtiles) character file.

Game seed: 12181236898935843589

6052 Gadfly the Nimble (level 10, -1/56 HPs)
             Began as a Deep Elf Fire Elementalist on Feb 20, 2021.
             Was an Elder of Vehumet.
             Slain by a yak (9 damage)
             ... on level 8 of the Dungeon.
             The game lasted 00:21:01 (12111 turns).

Gadfly the Nimble (Deep Elf Fire Elementalist)     Turns: 12111, Time: 00:21:03

Health: -1/56      AC:  6    Str:  8    XL:     10   Next: 57%
Magic:  3/23       EV: 21    Int: 24    God:    Vehumet [****..]
Gold:   646        SH:  0    Dex: 15    Spells: 7/23 levels left

rFire    + . .     SeeInvis .   a - +2 quarterstaff (chaos)
rCold    x . .     Faith    +   (shield currently unavailable)
rNeg     . . .     Spirit   .   C - +1 robe {Will+}
rPois    .         Reflect  .   H - +1 hat
rElec    +         Harm     .   t - +0 cloak
rCorr    .         Rampage  .   (no gloves)
Will     ++...                  E - +0 pair of boots
Stlth    ++........             w - amulet of Lecwenn {Faith rElec Str+3}
HPRegen  0.18/turn              k - ring of fire
MPRegen  0.18/turn              d - +4 ring of evasion

@: no status effects
A: no striking features
a: Renounce Religion


You were on level 8 of the Dungeon.
You worshipped Vehumet.
Vehumet was greatly pleased with you.
You visited 2 branches of the dungeon, and saw 10 of its levels.

You collected 646 gold pieces.

Inventory:

Hand Weapons
 a - a +2 quarterstaff of chaos (weapon)
 b - the +1 mace of Harmony {flame, rF+ Will++}
   (You found it on level 4 of the Dungeon)

   It has been specially enchanted to burn those struck by it, causing extra
   injury to most foes and up to half again as much damage against particularly
   susceptible opponents.
   It protects you from fire.
   It affects your willpower, your defense against some magical effects.
 s - a +3 mace of freezing
 G - a +0 long sword of flaming
Armour
 t - a +0 cloak (worn)
 C - a +1 robe of willpower (worn)
 E - a +0 pair of boots (worn)
 H - a +1 hat (worn)
Jewellery
 d - a +4 ring of evasion (right hand)
 e - an uncursed ring of protection from cold
 f - a +4 ring of protection
 k - a ring of fire (left hand)
 m - an uncursed amulet of regeneration
 o - an uncursed ring of poison resistance
 w - the amulet of Lecwenn (around neck) {Faith rElec Str+3}
   (You found it on level 5 of the Dungeon)

   [amulet of faith]

   It allows you to gain divine favour quickly.
   It affects your strength (+3).
   It insulates you from electricity.
Wands
 c - a wand of random effects (44)
 u - a wand of digging (5)
 y - a wand of polymorph (20)
Scrolls
 i - 2 scrolls of enchant weapon
 l - 2 scrolls of teleportation
 q - a scroll of fog
 r - 2 scrolls of magic mapping
 v - 5 scrolls of identify
 x - 4 scrolls of remove curse
 z - a scroll of blinking
 B - a scroll of summoning
 F - a scroll of fear
Potions
 g - 2 potions of haste
 h - 4 potions of might
 j - 3 potions of flight
 n - a potion of resistance
 p - 2 potions of curing
 A - a potion of lignification
 D - 2 potions of heal wounds


   Skills:
 + Level 3.5 Fighting
 * Level 8.1 Dodging
 - Level 2.4 Stealth
 * Level 7.4 Spellcasting
 * Level 7.4 Conjurations
 * Level 7.4 Fire Magic
 * Level 7.0 Earth Magic
 * Level 7.1 Evocations


You had 7 spell levels left.
You knew the following spells:

 Your Spells              Type           Power        Failure   Level
a - Foxfire               Conj/Fire      100%         1%          1
b - Conjure Flame         Conj/Fire      61%          1%          3
c - Sticky Flame          Conj/Fire      61%          1%          4
d - Fireball              Conj/Fire      30%          2%          5
e - Magic Dart            Conj           100%         1%          1
f - Searing Ray           Conj           88%          1%          2

Your spell library contained the following spells:

 Spells                   Type           Power        Failure   Level
 Airstrike                Air            4%           17%         4
 Inner Flame              Hex/Fire       40%          1%          3


Dungeon Overview and Level Annotations

Branches:
Dungeon (9/15)             Temple (1/1) D:4
   Lair: D:8-11         Orc: D:9-12

Altars:
Ashenzari
Cheibriados
Dithmenos
Elyvilon
Fedhas
Gozag
Hepliaklqana
Kikubaaqudgha
Makhleb
Nemelex Xobeh
Okawaru
Qazlal
Ru
Sif Muna
Trog
Uskayaw
Vehumet
Wu Jian
Xom
Yredelemnul
Zin
The Shining One

Annotations:
D:8 Gastronok


Message History

Aim: a killer bee (0% to evade)
You feel a surge of power!
The sticky flame hits the killer bee!
The killer bee is severely wounded.
The killer bee is covered in liquid flames!
The killer bee burns!
You kill the killer bee!
Vehumet accepts your kill.
You feel your power returning. The killer bee closely misses you.
The killer bee completely misses you. The yak gores you but does no damage.
Casting: Sticky Flame (dangerous; 1% risk of failure)
Confirm with . or Enter, or press ? or * to list all spells.
You don't have enough magic to cast that spell.
You hit the killer bee. You freeze the killer bee.
The killer bee is almost dead.
The killer bee stings you.
* * * LOW HITPOINT WARNING * * *
The killer bee stings you!
* * * LOW HITPOINT WARNING * * *
The yak gores you!
You die...

#.######### #.#
#.##......# #.##
#.#.......# #####..##
#.#..###..# #.....#.###
#..)...#..####.##.###...
###..#.........###.#.###
#..###†>###### ##.####
#....Y[.# #.###.
#....@y## #.##..
######## #.###. #.# ##
####.#### #.......#
#.......# #.......#
#........ #.......#


You could see a yak and a killer bee.

Vanquished Creatures
  A two-headed ogre (D:8)
  Maggie (D:7)
  Grinder (D:4)
  Sigmund (D:6)
  3 yaks
  Grum (D:7)
  Menkaure (D:6)
  2 ice beasts
  A sky beast (D:8)
  A black bear (D:7)
  A phantom (D:5)
  4 orc warriors
  4 ogres
  4 centaurs
  4 wolves
  A big kobold (D:7)
  3 bullfrogs
  Blork the orc (D:5)
  A water moccasin zombie (D:5)
  A scorpion (D:4)
  2 killer bees (D:8)
  8 wights (D:7)
  A centaur zombie (D:7)
  2 jellies (D:8)
  3 hounds
  7 orc priests
  Crazy Yiuf (D:4)
  2 centaur skeletons
  4 iguanas
  6 orc wizards
  10 worker ants
  2 killer bee zombies
  A hound skeleton (D:7)
  A howler monkey zombie (D:8)
  A worker ant zombie (D:7)
  6 gnolls
  2 howler monkey skeletons
  12 adders
  2 shadow imps (D:5)
  2 ufetubi
  An ooze (D:4)
  An adder zombie (D:8)
  An adder skeleton (D:7)
  3 dart slugs
  6 leopard geckos
  35 orcs
  6 giant cockroaches
  5 goblins
  8 hobgoblins
  13 jackals
  11 kobolds
  2 quokkas
  2 ball pythons (D:3)
  7 bats
  5 frilled lizards
  2 jackal skeletons
  A jackal zombie (D:5)
  A leopard gecko skeleton (D:4)
  4 rats
226 creatures vanquished.

Vanquished Creatures (others)
  961 foxfires
  A fungus (D:9)
962 creatures vanquished.

Grand Total: 1188 creatures vanquished

Notes
Turn   | Place    | Note
-------+----------+-------------------------------------------
     0 | D:1      | Gadfly the Deep Elf Fire Elementalist began the quest for
                  | the Orb.
     0 | D:1      | Reached XP level 1. HP: 10/10 MP: 6/6
   175 | D:1      | Reached XP level 2. HP: 15/15 MP: 0/8
   388 | D:1      | Reached skill level 1 in Earth Magic
   458 | D:1      | Reached skill level 1 in Evocations
   956 | D:1      | Reached XP level 3. HP: 19/19 MP: 6/9
   960 | D:1      | Learned a level 3 spell: Conjure Flame
  1298 | D:2      | Reached skill level 3 in Dodging
  2092 | D:3      | Reached XP level 4. HP: 24/24 MP: 4/10
  2097 | D:3      | Learned a level 4 spell: Sticky Flame
  2385 | D:3      | Found a hazy altar of Hepliaklqana.
  3336 | D:4      | Reached XP level 5. HP: 28/28 MP: 8/12
  3490 | D:4      | Reached skill level 1 in Fighting
  3635 | D:4      | Reached XP level 6. HP: 34/34 MP: 8/13
  3637 | D:4      | Noticed Grinder
  3664 | D:4      | Killed Grinder
  3665 | D:4      | Reached skill level 4 in Dodging
  3950 | D:4      | Found a runed translucent door.
  3951 | D:4      | Noticed Crazy Yiuf
  3981 | D:4      | Found a staircase to the Ecumenical Temple.
  4056 | Temple   | Entered the Ecumenical Temple
  4063 | Temple   | Became a worshipper of Vehumet
  4185 | D:4      | Reached XP level 7. HP: 38/38 MP: 11/15
  4191 | D:4      | Learned a level 5 spell: Fireball
  5057 | D:4      | Killed Crazy Yiuf
  5074 | D:4      | Got a jewelled mace
  5075 | D:4      | Identified the cursed +1 mace of Harmony {flame, rF+
                  | Will++} (You found it on level 4 of the Dungeon)
  5174 | D:5      | Entered Level 5 of the Dungeon
  5274 | D:5      | Reached skill level 5 in Dodging
  5457 | D:5      | Noticed Blork the orc
  5695 | D:5      | Got a clouded ruby amulet
  6045 | D:5      | Reached XP level 8. HP: 44/44 MP: 9/16
  6048 | D:5      | Killed Blork the orc
  6048 | D:5      | Reached * piety under Vehumet
  6048 | D:5      | Offered knowledge of Magic Dart by Vehumet.
  6051 | D:5      | Learned a level 1 spell: Magic Dart
  6070 | D:5      | Identified the amulet of Lecwenn {Faith rElec Str+3} (You
                  | found it on level 5 of the Dungeon)
  6427 | D:5      | HP: 1/44 [orc wizard/magic dart (7)]
  6622 | D:6      | Noticed Sigmund
  6786 | D:6      | Reached skill level 5 in Conjurations
  6786 | D:6      | Reached skill level 5 in Fire Magic
  6796 | D:6      | Reached skill level 5 in Spellcasting
  6978 | D:6      | Killed Sigmund
  6979 | D:6      | Reached skill level 6 in Dodging
  6979 | D:6      | Reached skill level 5 in Evocations
  7134 | D:6      | Reached skill level 5 in Earth Magic
  7358 | D:6      | Noticed Menkaure
  7362 | D:6      | Killed Menkaure
  7423 | D:6      | Reached XP level 9. HP: 49/49 MP: 14/18
  8030 | D:7      | Offered knowledge of Searing Ray by Vehumet.
  8034 | D:7      | Learned a level 2 spell: Searing Ray
  8119 | D:7      | Reached ** piety under Vehumet
  9024 | D:7      | Noticed Maggie
  9032 | D:7      | Offered knowledge of Mephitic Cloud by Vehumet.
  9050 | D:7      | Killed Maggie
  9051 | D:7      | Reached skill level 7 in Dodging
  9507 | D:8      | Noticed Grum
  9514 | D:7      | Killed Grum
  9608 | D:8      | Got an ichor-stained war axe
  9609 | D:8      | Identified the cursed +1 war axe "Hell-Harrower" {holy,
                  | Str+3 Int-5 Dex+7} (You found it on level 8 of the Dungeon)
  9779 | D:8      | Reached *** piety under Vehumet
  9831 | D:8      | Reached XP level 10. HP: 56/56 MP: 15/21
  9969 | D:8      | Noticed a two-headed ogre
  9984 | D:8      | Killed a two-headed ogre
 10080 | D:8      | Noticed Gastronok
 10096 | D:8      | Noticed Gastronok
 10096 | D:8      | Gastronok changed into Gastronok the iron giant
 10674 | D:8      | Offered knowledge of Airstrike by Vehumet.
 12006 | D:8      | Reached skill level 8 in Dodging
 12060 | D:8      | Reached **** piety under Vehumet
 12111 | D:8      | Slain by a yak

Illustrated notes

Levels and vault maps discovered:
D:1:      dpeg_arrival_pond, layout_rooms
D:2:      layout_rooms
D:3:      layout_rooms, overflow_temple_1_default
D:4:      layout_basic, minmay_temple_entry_statues_fountains,
          uniq_crazy_yiuf_cottage, uniq_grinder
D:5:      layout_loops_cross, uniq_blork_the_orc
D:6:      layout_rooms, uniq_menkaure, uniq_sigmund
D:7:      layout_basic, uniq_maggie
D:8:      layout_loops_cross, uniq_gastronok, uniq_grum
D:9:      layout_rooms, david_lair_generic, erik_orc_3, special_room
          [special_room_orc]
Temple:   compressed_dpeg_circular_temple

Skill      XL: |  1  2  3  4  5  6  7  8  9 10 |
---------------+-------------------------------+-----
Earth Magic    | 1 2 3 4 5 6 7 |  7.0
Evocations     | 1 2 3 4 5 6 7 |  7.1
Dodging        | 3 4 5 6 7 8 |  8.1
Conjurations   | 2 3 4 5 6 7 |  7.4
Fighting       | 1 2 3 |  3.5
Spellcasting   | 4 5 6 7 |  7.4
Fire Magic     | 4 5 6 7 |  7.4
Stealth        | |  2.4

Action                   |  1- 3 |  4- 6 |  7- 9 | 10-12 || total
-------------------------+-------+-------+-------+-------++-------
Melee: Unarmed           |     9 |       |       |       ||     9
       Mace              |    11 |    20 |    76 |       ||   107
       Dagger            |     2 |       |       |       ||     2
       Quarterstaff      |       |       |    32 |    40 ||    72
 Cast: Foxfire           |   114 |    89 |   367 |    77 ||   647
       Sticky Flame      |       |       |    15 |    16 ||    31
       Fireball          |       |       |     2 |     4 ||     6
Evoke: Wand              |       |       |       |     1 ||     1
  Use: Scroll            |     7 |     8 |    10 |     3 ||    28
       Potion            |       |     1 |     3 |       ||     4
 Stab: Sleeping          |       |       |     2 |     1 ||     3
       Paralysed         |       |       |     1 |       ||     1
Armor: Robe              |    13 |     5 |    23 |    16 ||    57
Dodge: Dodged            |    25 |    38 |   216 |   120 ||   399
